 Dungeon Crawl Stone Soup version 0.22-a0-374-g5dfd9e3 (webtiles) character file.

81 JeffiDaFish the Digger (level 4, -7/24 HPs)
             Began as a Gargoyle Earth Elementalist on Apr 26, 2018.
             Mangled by Sigmund
             ... wielding a +2 scythe of venom
              (11 damage)
             ... on level 2 of the Dungeon.
             The game lasted 00:04:50 (2113 turns).

JeffiDaFish the Digger (GrEE)                       Turns: 2113, Time: 00:04:51

Health: -7/24      AC:  5    Str: 11    XL:     4   Next: 42%
Magic:  2/8        EV: 12    Int: 17    God:
Gold:   100        SH:  0    Dex: 10    Spells: 5/9 levels left

rFire    . . .     SeeInvis .   h - +0 dagger
rCold    . . .     Gourm    .   (no shield)
rNeg     + . .     Faith    .   c - +0 robe
rPois    ∞         Spirit   .   (no helmet)
rElec    +         Reflect  .   (no cloak)
rCorr    .         Harm     .   (no gloves)
MR       +....                  (no boots)
Stlth    +++.......             (no amulet)
HPRegen  0.08/turn              g - ring of stealth
MPRegen  0.11/turn              i - ring of protection from magic

@: no status effects
A: negative energy resistance 1, electricity resistance, unbreathing,
petrification resistance, rot immunity, AC +3
a: no special abilities


You were on level 2 of the Dungeon.
You were hungry.

You visited 1 branch of the dungeon, and saw 2 of its levels.

You collected 100 gold pieces.

Inventory:

Hand Weapons
 h - a +0 dagger (weapon)
Armour
 c - a +0 robe (worn)
Jewellery
 g - a ring of stealth (left hand)
 i - a ring of protection from magic (right hand)
Scrolls
 a - 2 scrolls of identify
 e - a scroll of remove curse
Comestibles
 d - a ration


   Skills:
 - Level 1.5 Dodging
 - Level 2.2 Stealth
 + Level 3.2 Spellcasting
   Level 0.7 Transmutations
 + Level 5.0 Earth Magic


You had 5 spell levels left.
You knew the following spells:

 Your Spells              Type           Power        Failure   Level  Hunger
a - Sandblast             Erth           ###...       2%          1    None
b - Stone Arrow           Conj/Erth      ##....       19%         3    ###....


Dungeon Overview and Level Annotations

Branches:
Dungeon (2/15)

Altars:
Gozag

Annotations:
D:2 Sigmund


Innate Abilities, Weirdness & Mutations

You are resistant to torment.
Your stone body is resilient. (AC +3)
You are immune to poison.
You resist negative energy. (rN+)
You are resistant to electric shocks. (rElec)
You can survive without breathing.
You are immune to petrification.
You are immune to rotting.


Message History

The stone arrow hits Sigmund.
Sigmund is heavily wounded.
Sigmund shouts!
You hear a shout!
Sigmund gestures wildly while chanting.
Sigmund flickers and vanishes!
Deactivating autopickup; reactivate with Ctrl-A.
Casting: Stone Arrow (safe; 19% risk of failure)
Confirm with . or Enter, or press ? or * to list all spells.
Aiming: Stone Arrow (safe; 19% risk of failure)
Press: ? - help, Shift-Dir - straight line The stone arrow hits something.
Something hits you.
You closely miss something. Something hits you.
You miss something. Something hits you!
You hit something.
A hobgoblin comes into view. It is wielding a club.
You completely miss something. Something hits you.
* * * LOW HITPOINT WARNING * * *
You are feeling hungry.
You miss something. Something hits you!
You die...

..≈≈≈.≈≈≈≈≈≈≈#.......+
..≈≈≈≈≈≈≈≈÷........[.#
..≈≈≈≈≈≈≈≈≈..........#
.≈≈≈≈≈≈≈≈≈≈≈.#.......##
≈≈≈..≈.≈≈.≈≈.#........#
...≈≈≈≈.≈.≈.≈#........#
##############........#
##.#####.# #.@{g.#
#####.#


You could see a hobgoblin.

Vanquished Creatures
  3 adders (D:2)
  4 worms (D:2)
  2 dart slugs (D:1)
  A leopard gecko (D:1)
  3 giant cockroaches (D:2)
  4 goblins (D:1)
  2 hobgoblins
  7 kobolds
  A quokka (D:2)
  10 bats
  3 frilled lizards
  4 rats
44 creatures vanquished.

Notes
Turn   | Place    | Note
-------+----------+-------------------------------------------
     0 | D:1      | JeffiDaFish the Gargoyle Earth Elementalist began the quest for the Orb.
     0 | D:1      | Reached XP level 1. HP: 10/10 MP: 3/3
   113 | D:1      | Reached XP level 2. HP: 15/15 MP: 3/5
   164 | D:1      | Reached skill level 4 in Earth Magic
   523 | D:1      | Reached XP level 3. HP: 15/19 MP: 0/6
   786 | D:1      | You fall through a shaft!
   991 | D:2      | Learned a level 3 spell: Stone Arrow
  1213 | D:2      | Found an opulent altar of Gozag.
  1284 | D:2      | Found a faded altar of an unknown god.
  1482 | D:2      | Reached XP level 4. HP: 24/24 MP: 1/8
  1834 | D:2      | Reached skill level 5 in Earth Magic
  2105 | D:2      | Noticed Sigmund
  2113 | D:2      | Mangled by Sigmund

Vault maps used:
D:1:      enne_arrival_octagon_isle
D:2:      lemuel_doored_altar, chequers_ecumenical_altar_island, uniq_sigmund

Skill      XL: |  1  2  3  4 |
---------------+-------------+-----
Earth Magic    | 4 5 |  5.0
Spellcasting   | 3 |  3.2
Dodging        | |  1.5
Stealth        | |  2.2
Transmutations | |  0.7

Action                   |  1- 3 |  4- 6 || total
-------------------------+-------+-------++-------
Melee: Unarmed           |     2 |       ||     2
       Dagger            |    27 |    28 ||    55
 Cast: Sandblast         |    32 |       ||    32
       Stone Arrow       |     6 |     8 ||    14
  Use: Scroll            |     2 |     1 ||     3
       Potion            |     1 |       ||     1
 Stab: Sleeping          |     2 |       ||     2
  Eat: Chunk             |     3 |     2 ||     5
Armor: Robe              |    23 |     5 ||    28
Dodge: Dodged            |    21 |     7 ||    28

Table legend:
 A = Spawn XP
 B = Non-spawn XP
 C = Spawn XP percentage of total XP
 D = Spawn monster count
 E = Non-spawn monster count
 F = Spawn count percentage of total count
 G = Total turns spent on level
                    A         B        C        D         E        F      G
               +---------+---------+-------+---------+---------+-------+---------
         Total |       0 |     117 |   0.0 |       0 |      44 |   0.0 |  2113
               +---------+---------+-------+---------+---------+-------+---------
           D:1 |       0 |      41 |   0.0 |       0 |      24 |   0.0 |   786
           D:2 |       0 |      76 |   0.0 |       0 |      20 |   0.0 |  1327
               +---------+---------+-------+---------+---------+-------+---------
